Map: Bridgehead LE (Void)

Players

SticklerMac

  • Race: Zerg Zerg
  • League: Bronze

TeoTheToss - Winner!

  • Race: Zerg Zerg
  • League: Silver

VOD

Have the link to the VOD?

Description

Time

  • Played on: July 23, 2015, 12:47 a.m.
  • Length: 5:43
Show
View Real Time Build Order
Export as new Build Order

SticklerMac Zerg 

Build Orders: Hatch First 

Get SALT Encoding   

  12  0:00  Drone  
  13  0:09  Drone  
  14  0:18  Overlord  
  14  0:38  Drone  
  15  0:45  Hatchery  
  15  0:48  Drone  
  15  0:51  Drone  
  15  0:57  Drone  
  17  1:11  Spawning Pool  
  16  1:23  Overlord  
  16  1:27  Extractor  
  16  1:29  Drone x2  
  17  1:36  Drone  
  18  1:45  Drone  
  19  1:57  Drone  
  19  2:01  Drone  
  21  2:10  Drone x2  
  23  2:18  Drone  
  23  2:19  Drone, Extractor  
  23  2:22  Queen  
  28  2:30  Lair  
  27  2:37  Drone x2  
  28  2:44  Drone  
  28  2:45  Drone  
  30  2:52  Overlord  
  30  3:08  Hatchery, Overlord x2  
  29  3:15  Drone x3  
  32  3:28  Extractor  
  32  3:29  Drone x2  
  32  3:30  Extractor, Queen  
  34  3:37  Spire  
  34  3:40  Zergling x2  
  34  3:41  Zergling x2  
  35  3:43  Zergling x2  
  35  3:46  Zergling x2  
  37  4:00  Zergling x2  
  37  4:01  Zergling x8  
  42  4:07  Zergling x2  
  40  4:13  Zergling x2  
  40  4:16  Zergling x2  
  30  4:18  Zergling x4  
  30  4:19  Zergling x4  
  25  4:27  Zergling x4  
  8  5:03  Hatchery  
  8  5:06  Hatchery  
  6  5:14  Drone  
Show
View Real Time Build Order
Export as new Build Order

TeoTheToss Zerg - Winner!

Build Orders: Hatch First 

Get SALT Encoding   

  12  0:01  Drone  
  13  0:08  Drone  
  14  0:15  Extractor  
  14  0:16  Drone  
  15  0:41  Hatchery  
  14  0:46  Overlord  
  14  1:00  Spawning Pool  
  14  1:03  Drone  
  14  1:09  Drone  
  14  1:11  Drone  
  16  1:15  Drone  
  17  1:21  Extractor  
  16  1:26  Drone  
  17  1:47  Queen  
  17  1:52  Overlord  
  19  1:55  Queen  
  19  1:57  Zergling x2  
  19  1:58  Zergling x2  
  23  2:01  Drone  
  23  2:07  Drone  
  25  2:13  Drone  
  26  2:28  Metabolic Boost  
  26  2:38  Drone x5  
  31  2:57  Overlord x3  
  31  3:07  Zergling x10  
  36  3:18  Zergling x2  
  36  3:19  Zergling x8  
  41  3:26  Zergling x4  
  43  3:42  Zergling x18  
  52  3:53  Overlord x2  
  52  4:08  Zergling x8  
  52  4:09  Zergling x8  
  52  4:36  Zergling x10  
  56  4:52  Zergling x20  
  63  5:15  Hatchery  
  62  5:21  Zergling x2  
  62  5:22  Zergling x8  
Tags
 
Add a new tag
Caveats
  • Supply blocks, unpowered buildings, or Contaminate may cause inaccurate times.
  • Supply counts are checked every 10 seconds.